 Dungeon Crawl Stone Soup version 0.28.0-43-g3370ac3207 (webtiles) character file.

Game seed: 699295734136414829

186 Faeu the Shield-Bearer (level 5, -4/47 HPs)
             Began as a Minotaur Fighter on Mar 21, 2022.
             Killed from afar by a steam dragon (6 damage)
             ... with a ball of steam
             ... on level 3 of the Dungeon.
             The game lasted 00:16:42 (2704 turns).

Faeu the Shield-Bearer (Minotaur Fighter)           Turns: 2704, Time: 00:16:43

Health: -4/47      AC:  8    Str: 29    XL:     5   Next: 38%
Magic:  4/4        EV:  8    Int:  5    God:
Gold:   155        SH:  8    Dex:  9    Spells: 4/4 levels left

rFire   . . .      SeeInvis .   a - +0 long sword {long}
rCold   . . .      Faith    .   r - +0 kite shield
rNeg    . . .      Spirit   .   b - +0 scale mail
rPois   .          Reflect  .   (helmet restricted)
rElec   .          Harm     .   (no cloak)
rCorr   .          Rampage  .   j - +0 pair of gloves
Will    .....                   (no boots)
Stlth   ..........              (no amulet)
HPRegen 0.15/turn               e - +6 ring of strength
MPRegen 0.09/turn               (no ring)

@: no status effects
A: horns 2, retaliatory headbutt
a: no special abilities


You were on level 3 of the Dungeon.
You visited 1 branch of the dungeon, and saw 4 of its levels.

You collected 155 gold pieces.


Innate Abilities, Weirdness & Mutations

You have a pair of horns on your head.
You reflexively headbutt those who attack you in melee.


   Skills:
 + Level 4.8 Fighting
 + Level 4.0 Long Blades
 + Level 4.8 Armour
 + Level 4.8 Shields


You had 4 spell levels left.
You didn't know any spells.
Your spell library contained the following spells:

 Spells                   Type           Power      Damage    Failure   Level
 Apportation              Tloc           0%         N/A       97%         1
 Sublimation of Blood     Necr           0%         N/A       99%         2
 Wereblood                Tmut           0%         N/A       99%         2
 Alistair's Intoxication  Tmut/Pois      0%         N/A       100%        5
 Summon Hydra             Summ           0%         N/A       100%        7

Inventory:

Hand Weapons
 a - a +0 long sword (weapon) {long}
 s - a +5 club {mace}
   (You took it off Ijyb on level 3 of the Dungeon)
Missiles
 f - 33 stones (quivered) {throwing}
 g - 62 arrows
 u - 7 poisoned darts {throwing}
Armour
 b - a +0 scale mail (worn)
 j - a +0 pair of gloves (worn)
   (You found it on level 1 of the Dungeon)
 r - a +0 kite shield (worn)
   (You found it on level 2 of the Dungeon)
Jewellery
 e - a +6 ring of strength (left hand)
   (You found it on level 1 of the Dungeon)
 m - a ring of wizardry
   (You found it on level 1 of the Dungeon)
Wands
 t - a wand of paralysis (6)
   (You took it off Ijyb on level 3 of the Dungeon)
Scrolls
 i - 2 scrolls of vulnerability {unknown}
 l - a scroll of magic mapping {unknown}
 n - 3 scrolls of identify {unknown}
 q - 2 scrolls of blinking {unknown}
 v - a scroll of enchant weapon {unknown}
Potions
 c - a potion of cancellation {unknown}
 d - a potion of might
 h - a potion of resistance {unknown}
 k - 2 potions of mutation {unknown}
 o - 2 potions of lignification {unknown}
 p - a potion of curing {unknown}

Dungeon Overview and Level Annotations

Branches:
Dungeon (4/15)
 Temple: D:4-7

Altars:
Nemelex Xobeh
Uskayaw

#.# #....##.##.........#
##.######.#)##.##...#..##.#
........#.#.##.##.......#.#
##.#........##.##.###..##.#
#.#.##..#####.#.......##.#
#.#.#<....[......##...##.#
#.#.###..#####..###...##.#
##.#.##......#8D.8##...##.#
##.#.####.###..ยง@..#...##.#
...#.####.##....ยงยง...<....#
...#.........#8..8#..#######
.........##..##..###....)..#
.............###.#.#######.##
.............###.#.# #......#
.................#.###.######
....###.###.#####...##.#
....###.....# #...##.#


You could see a steam dragon (catching breath).


Message History

You see here a +0 club {mace}.
f - 32 stones {throwing} (gained 1) ๐Ÿ˜• HP[+1]
f - 34 stones {throwing} (gained 2) ๐Ÿ˜• HP[+1]
You see here a +0 barding.
Found a hide-covered altar of Uskayaw. ๐Ÿ˜Ž HP[+3]
Your hp is fully restored (47).
Done exploring.
There is a hide-covered altar of Uskayaw here.
Saving game... please wait. ๐Ÿค– Initializing magus.rc ...
Options error: Delay interrupt name "hungry" not recognised. (~/.crawlrc:4771) Options error: Bad monster_list_colour key: strict_neutral (~/.crawlrc:4786) โœ… Successfully initialized magus.rc [v1.9.6] Welcome back, Faeu the Minotaur Fighter.
Press ? for a list of commands and other information.
Done exploring.
There is a hide-covered altar of Uskayaw here.
Why would you want to do that? Why would you want to do that?
Why would you want to do that? Why would you want to do that?
(D) Dungeon
Where to? (? - help)
Things that are here:
a +0 dagger {short}; a quokka skeleton; a rat skeleton
There is a stone staircase leading down here.
You climb downwards.
There is a stone staircase leading up here.
A howler monkey skeleton is nearby!
You throw a stone {throwing}.
The stone {throwing} hits the howler monkey skeleton but does no damage.
You slash the howler monkey skeleton!
The howler monkey skeleton closely misses you.
You furiously retaliate!
You headbutt the howler monkey skeleton.
You slash the howler monkey skeleton!
You headbutt the howler monkey skeleton, but do no damage.
The howler monkey skeleton hits you.
The howler monkey skeleton hits you but does no damage. ๐Ÿ˜• HP[-4]
You take 4 damage, and now have 43/47 hp.
You barely miss the howler monkey skeleton.
The howler monkey skeleton hits you but does no damage. ๐Ÿ˜• HP[+1]
You slash the howler monkey skeleton!
You destroy the howler monkey skeleton!
A steam dragon comes into view.
The steam dragon hisses angrily.
The steam dragon breathes steam at you. The ball of steam hits you!
The steam dragon moves out of view. ๐Ÿ˜ฎ HP[-17]
You take 17 damage, and now have 27/47 hp.
MASSIVE DAMAGE!! (PAUSE)
An endoplasm comes into view. ๐Ÿ˜ฎ HP[+1]
The endoplasm quivers.
The steam dragon breathes steam at you. The ball of steam hits you.
You hear an angry growl.
There is a stone staircase leading up here. ๐Ÿ˜ฎ HP[-4]
You take 4 damage, and now have 24/47 hp.
The steam dragon breathes steam at you. The ball of steam misses you.
You climb upwards.
There is a stone staircase leading down here. ๐Ÿ˜ฎ HP[+1]
You hit the steam dragon but do no damage.
The steam dragon misses you. You block the steam dragon's attack.
You hit the steam dragon. You block the steam dragon's attack. x2
You barely miss the steam dragon. You headbutt the steam dragon.
The steam dragon bites you but does no damage.
You block the steam dragon's attack. The steam dragon barely misses you.
You furiously retaliate!
You headbutt the steam dragon!
The steam dragon claws you but does no damage.
You slash the steam dragon! Your headbutt misses the steam dragon.
The steam dragon bites you.
* * * LOW HITPOINT WARNING * * *
The steam dragon claws you.
* * * LOW HITPOINT WARNING * * *
๐Ÿ˜จ HP[-7]
You take 7 damage, and now have 18/47 hp.
You barely miss the steam dragon. Your headbutt misses the steam dragon.
The steam dragon breathes steam at you. The ball of steam hits you.
* * * LOW HITPOINT WARNING * * *
๐Ÿ˜จ HP[-2]
You take 2 damage, and now have 16/47 hp.
You hit the steam dragon but do no damage.
You are engulfed in a cloud of scalding steam.
* * * LOW HITPOINT WARNING * * *
The steam dragon bites you but does no damage.
The steam dragon claws you.
* * * LOW HITPOINT WARNING * * *
The steam dragon breathes steam at you. The ball of steam hits you.
You die...

Skill      XL: |  1  2  3  4  5 |
---------------+----------------+-----
Fighting       | 4 |  4.8
Long Blades    | 3 4 |  4.0
Armour         | 4 |  4.8
Shields        | 4 |  4.8

Action                   |  1- 3 |  4- 6 || total
-------------------------+-------+-------++-------
Melee: Long sword        |    71 |    76 ||   147
       Headbutt          |    11 |     9 ||    20
Throw: Stone             |       |     8 ||     8
Armor: Scale mail        |    27 |    31 ||    58
Dodge: Dodged            |    23 |    17 ||    40
Block: Buckler           |    15 |       ||    15
       Kite shield       |     1 |    33 ||    34

Levels and vault maps discovered:
D:1:      amcnicky_arrival_choice, layout_rooms,
          hellmonk_ecumenical_altar_pennies_from_heaven
D:2:      layout_basic, minmay_goblin_kobold_house
D:3:      layout_basic, nemelex_dance_club_becter, nicolae_uskayaw_suspiria,
          grunt_decor_resistance, st_stairs_6, minmay_misc_feat_four_crosses,
          uniq_ijyb
D:4:      layout_basic, ebering_ghost_disaster_area

Notes
Turn   | Place    | Note
-------+----------+-------------------------------------------
     0 | D:1      | Faeu the Minotaur Fighter began the quest for the Orb.
     0 | D:1      | Reached XP level 1. HP: 19/19 MP: 0/0
     0 | D:1      | magus.rc [v1.9.6]
    39 | D:1      | Found a faded altar of an unknown god.
    40 | D:1      | You pick up a book of Party Tricks and begin reading...
    40 | D:1      | You add the spells Apportation and Alistair's Intoxication
                  | to your library.
    75 | D:1      | Reached XP level 2. HP: 21/27 MP: 1/1
   721 | D:2      | Reached skill level 4 in Fighting
   721 | D:2      | Reached skill level 3 in Long Blades
   721 | D:2      | Reached skill level 4 in Armour
   721 | D:2      | Reached skill level 4 in Shields
   721 | D:2      | Reached XP level 3. HP: 33/33 MP: 2/2
  1504 | D:2      | You pick up a book of Blood and begin reading...
  1504 | D:2      | You add the spells Sublimation of Blood, Wereblood and
                  | Summon Hydra to your library.
  1531 | D:2      | Reached XP level 4. HP: 40/40 MP: 3/3
  1920 | D:3      | Noticed Ijyb
  1920 | D:3      | Paralysed by Ijyb for 5 turns
  1930 | D:3      | Killed Ijyb
  2151 | D:3      | Found a sparkling altar of Nemelex Xobeh.
  2158 | D:3      | magus.rc [v1.9.6]
  2272 | D:3      | Reached XP level 5. HP: 46/47 MP: 4/4
  2572 | D:3      | Reached skill level 4 in Long Blades
  2623 | D:3      | Found a hide-covered altar of Uskayaw.
  2634 | D:3      | magus.rc [v1.9.6]
  2689 | D:4      | Noticed a steam dragon
  2704 | D:3      | HP: 7/47 [steam dragon] (9)]
  2704 | D:3      | HP: 2/47 [steam dragon (5)]
  2704 | D:3      | Killed from afar by a steam dragon

Vanquished Creatures
  A hound (D:3)
  Ijyb (D:3)
  A howler monkey skeleton (D:4)
  4 adders
  3 worms (D:2)
  A dart slug (D:2)
  8 orcs (D:3)
  A ball python (D:2)
  2 bats (D:2)
  5 endoplasms
  2 giant cockroaches
  14 goblins
  5 hobgoblins
  6 kobolds
  2 quokkas
  2 frilled lizards
  4 rats
62 creatures vanquished.

Table legend:
 A = Non-vault XP
 B = Vault XP
 C = Vault XP percentage of total XP
 D = Non-vault monster count
 E = Vault monster count
 F = Vault count percentage of total count
                 A         B        C        D         E       F
            +---------+---------+-------+---------+---------+-------
      Total |     217 |      49 |  18.4 |      54 |       8 |  12.9
            +---------+---------+-------+---------+---------+-------
        D:1 |      21 |       0 |   0.0 |      11 |       0 |   0.0
        D:2 |      70 |       8 |  10.3 |      21 |       4 |  16.0
        D:3 |     111 |      41 |  27.0 |      21 |       4 |  16.0
        D:4 |      15 |       0 |   0.0 |       1 |       0 |   0.0
            +---------+---------+-------+---------+---------+-------

Illustrated notes

Table legend:
 A = Kills in this place as a percentage of kills in entire the game.
 B = Kills by you in this place as a percentage of kills by you in the entire game.
 C = Kills by friends in this place as a percentage of kills by friends in the entire game.
 D = Other kills in this place as a percentage of other kills in the entire game.
 E = Experience gained in this place as a percentage of experience gained in the entire game.
 F = Experience gained in this place divided by the number of levels of this place that you have seen.
                   A       B       C       D       E      F
               +-------+-------+-------+-------+-------+----------------------
         Total | 100.0 | 100.0 |   N/A |   N/A | 100.0 |  66.5
       Dungeon | 100.0 | 100.0 |   N/A |   N/A | 100.0 |  66.5
               +-------+-------+-------+-------+-------+----------------------

Table legend: (Time is in decaauts)
 A = Elapsed time spent in this place.
 B = Non-inter-level travel time spent in this place.
 C = Inter-level travel time spent in this place.
 D = Time resting spent in this place.
 E = Time spent auto-exploring this place.
 F = Levels seen in this place.
 G = Mean time per level.
                   A        B        C        D        E       F      G
               +--------+--------+--------+--------+--------+-----+--------+
         Total |   2762 |   2638 |    124 |      0 |   1773 |   4 |  690.5 |
       Dungeon |   2762 |   2638 |    124 |      0 |   1773 |   4 |  690.5 |
               +--------+--------+--------+--------+--------+-----+--------+

Top non-repeatable levels by time:
     D:2: 1134 daAuts
     D:3: 984 daAuts
     D:1: 624 daAuts
     D:4: 18 daAuts
